 Dungeon Crawl Stone Soup version 0.23.2-1-ga50397a (webtiles) character file.

Game seed: 10818345420535308431

132 Borgoz the Slasher (level 5, -2/42 HPs)
             Began as a Hill Orc Gladiator on May 16, 2019.
             Slain by Natasha (5 damage)
             ... on level 2 of the Dungeon.
             The game lasted 00:01:52 (1837 turns).

Borgoz the Slasher (Hill Orc Gladiator)             Turns: 1837, Time: 00:01:53

Health: -2/42      AC:  4    Str: 16 (17) XL:     5   Next: 15%
Magic:  5/5        EV: 12    Int:  6 (8)  God:
Gold:   54         SH:  0    Dex: 11 (13) Spells: 4/4 levels left

rFire    . . .     SeeInvis .   a - +0 long sword
rCold    . . .     Gourm    .   (no shield)
rNeg     . . .     Faith    .   b - +0 leather armour
rPois    .         Spirit   .   c - +0 helmet
rElec    .         Reflect  .   (no cloak)
rCorr    .         Harm     .   (no gloves)
MR       .....                  (no boots)
Stlth    +.........             (no amulet)
HPRegen  0.14/turn              (no ring)
MPRegen  0.09/turn              (no ring)

@: slowed, very slow
A: no striking features
a: no special abilities


You were on level 2 of the Dungeon.
You were not hungry.

You visited 1 branch of the dungeon, and saw 2 of its levels.

You collected 54 gold pieces.

Inventory:

Hand Weapons
 a - a +0 long sword (weapon)
Missiles
 d - a throwing net (quivered)
Armour
 b - a +0 leather armour (worn)
 c - a +0 helmet (worn)
Scrolls
 g - a scroll of teleportation {unknown}
 h - a scroll of blinking {unknown}
 j - a scroll of fog {unknown}
 k - a scroll of noise {unknown}
Comestibles
 f - 2 rations
 i - 10 chunks of flesh


   Skills:
 - Level 2.4 Fighting
 * Level 5.0 Long Blades
 - Level 1.7 Throwing
 + Level 2.2 Armour
 + Level 3.1 Dodging


You had 4 spell levels left.
You didn't know any spells.
Your spell library was empty.

Dungeon Overview and Level Annotations

Branches:
Dungeon (2/15)

Altars:

Annotations:
D:2 Natasha


Message History

There was something very wrong with that liquid.
You feel weakened.
You feel dopey.
You feel clumsy. Natasha barely misses you. The shadow imp barely misses you.
You riposte.
You hit the shadow imp but do no damage.
You barely miss Natasha.
Natasha is heavily wounded.
Natasha stares at you and mumbles some strange words.
You resist with some effort. The shadow imp hits you.
* * * LOW HITPOINT WARNING * * *
Natasha claws you.
* * * LOW HITPOINT WARNING * * *
The shadow imp gestures at you. Pain shoots through your body!
* * * LOW HITPOINT WARNING * * *
You hit Natasha.
Natasha is heavily wounded.
Natasha closely misses you. The shadow imp barely misses you.
You riposte.
You hit the shadow imp but do no damage.
Natasha claws you.
You die...

#.# #.### #.# #.# #.# #.# ### #.#
#.# #.###.. #.# #.# #.....) #.#
#.# #..##.#
####.###.########..##.#
#.#########......................
#.....................#########.#
#####.#####...÷.@.....# #.# ##.#
####÷5h.....# #.# ##..#
#........# #.# #.#.# ##.........
##.## #.......... #.#
#.(......### #.# ####.###)#
#.#############.# .#
#.#...........#.#


You could see Natasha and a shadow imp.

Vanquished Creatures
  Natasha (D:2)
  A worker ant zombie (D:2)
  6 adders (D:2)
  2 dart slugs
  A leopard gecko (D:1)
  A goblin (D:1)
  4 hobgoblins
  2 jackals (D:1)
  A quokka (D:2)
  7 bats
  4 frilled lizards
  4 kobolds
  8 rats
42 creatures vanquished.

Notes
Turn   | Place    | Note
-------+----------+-------------------------------------------
     0 | D:1      | Borgoz the Hill Orc Gladiator began the quest for the Orb.
     0 | D:1      | Reached XP level 1. HP: 18/18 MP: 1/1
   133 | D:1      | Reached XP level 2. HP: 16/25 MP: 2/2
   364 | D:1      | Reached skill level 1 in Armour
   784 | D:2      | Reached skill level 4 in Long Blades
   784 | D:2      | Reached XP level 3. HP: 15/30 MP: 3/3
  1345 | D:2      | Reached XP level 4. HP: 26/37 MP: 4/4
  1701 | D:2      | Noticed Natasha
  1706 | D:2      | Killed Natasha
  1706 | D:2      | Reached XP level 5. HP: 24/42 MP: 5/5
  1773 | D:2      | Reached skill level 5 in Long Blades
  1822 | D:2      | Noticed Natasha
  1837 | D:2      | Slain by Natasha

Skill      XL: |  1  2  3  4  5 |
---------------+----------------+-----
Armour         | 1 2 |  2.2
Long Blades    | 4 5 |  5.0
Dodging        | 3 |  3.1
Fighting       | |  2.4
Throwing       | |  1.7

Action                   |  1- 3 |  4- 6 || total
-------------------------+-------+-------++-------
Melee: Long sword        |    76 |    59 ||   135
Throw: Throwing net      |       |     2 ||     2
  Use: Potion            |     1 |     1 ||     2
  Eat: Chunk             |     1 |     2 ||     3
Armor: Leather armour    |    36 |    16 ||    52
Dodge: Dodged            |    83 |    42 ||   125
       Rpst.: Long sword |    31 |    21 ||    52
